 Dungeon Crawl Stone Soup version 0.32-a0-938-g40ac7a0 (webtiles) character file.

Game seed: 14859646815187383322

58999 bochi the Bludgeoner (level 14, -5/159 HPs)
             Began as an Oni Ice Elementalist on Apr 16, 2024.
             Was the Champion of Cheibriados.
             Slain by a deep elf blademaster simulacrum (11 damage)
             ... on level 1 of the Abyss.
             The game lasted 00:29:27 (22506 turns).

bochi the Bludgeoner (Oni Ice Elementalist)        Turns: 22506, Time: 00:29:28

Health: -5/159     AC: 12    Str: 30    XL:     14   Next: 93%
Magic:  26/32      EV:  8    Int: 35    God:    Cheibriados [******]
Gold:   1076       SH:  9    Dex: 24    Spells: 31/41 levels left

rFire   . . .        b - +5 flail (vamp)
rCold   . . .        I - +0 kite shield
rNeg    . . .        F - +3 steam dragon scales
rPois   +            D - +2 hat
rElec   .            n - +0 cloak
rCorr   .            (gloves unavailable)
SInv    .            (boots unavailable)
Will    ++...        (no amulet)
Stlth   ++           h - ring of willpower
HPRegen 0.46/turn    M - ring of poison resistance
MPRegen 0.23/turn

%: no passive effects
@: freezing walls, very slow
A: large, unfitting armour, horns 1, tough skin 1, double potion healing,
drunken brawling
a: Renounce Religion, Bend Time, Temporal Distortion, Slouch, Step From Time


You were on level 1 of the Abyss.
You worshipped Cheibriados.
Cheibriados was exalted by your worship.
You visited 3 branches of the dungeon, and saw 17 of its levels.
You visited the Abyss 1 time.
You also visited: Sewer.

You collected 1076 gold pieces.

Inventory:

Hand Weapons
 a - a +3 flail of holy wrath
 b - a +5 vampiric flail (weapon)
Missiles
 N - a throwing net
Armour
 n - a +0 cloak (worn)
 D - a +2 hat (worn)
 F - +3 steam dragon scales (worn)
 I - a +0 kite shield (worn)
Jewellery
 h - a ring of willpower (left hand)
 j - a ring of see invisible
 u - a ring of willpower
 K - a ring of protection from fire
 M - a ring of poison resistance (right hand)
 O - a ring of magical power
 T - a ring of protection from cold
Wands
 i - a wand of mindburst (12) (quivered)
 s - a wand of flame (24)
 v - a wand of polymorph (21)
 H - a wand of digging (8)
 Q - a wand of paralysis (7)
Scrolls
 c - 5 scrolls of fog
 d - 4 scrolls of teleportation
 e - 2 scrolls of vulnerability
 f - 2 scrolls of revelation
 g - a scroll of blinking
 k - a scroll of amnesia
 m - 2 scrolls of fear
 r - 7 scrolls of immolation
 y - a scroll of enchant armour
 G - a scroll of torment
 P - a scroll of brand weapon
 S - 3 scrolls of poison
Potions
 l - 2 potions of heal wounds {unknown}
 o - 2 potions of ambrosia
 p - 5 potions of lignification
 q - 2 potions of mutation
 t - 9 potions of curing
 w - 2 potions of resistance {unknown}
 x - 2 potions of invisibility {unknown}
 z - a potion of experience {unknown}
 A - 2 potions of haste {unknown}
 B - a potion of might {unknown}
 C - 2 potions of attraction {unknown}
 E - 3 potions of magic
 J - a potion of brilliance {unknown}
 L - a potion of cancellation {unknown}
 R - a potion of enlightenment {unknown}


   Skills:
 - Level 15.0 Fighting
 * Level 16.6 Maces & Flails
 - Level 1.8 Dodging
 - Level 1.4 Stealth
 + Level 14.0 Spellcasting
 - Level 9.0 Ice Magic
 + Level 5.4 Invocations


You had 31 spell levels left.
You knew the following spells:

 Your Spells              Type           Power      Damage    Failure   Level
a - Freeze                Ice            100%       1d10      1%          1
b - Frozen Ramparts       Ice            100%       1d16      1%          3
c - Summon Ice Beast      Ice/Summ       54%        N/A       1%          3
q - Ozocubu's Armour      Ice            73%        N/A       1%          3

Your spell library contained the following spells:

 Spells                   Type           Power      Damage    Failure   Level
 Apportation              Tloc           48%        N/A       3%          1
 Necrotise                Necr           96%        1d8       3%          1
 Sandblast                Erth           48%        2d12      3%          1
 Slow                     Hex            96%        N/A       3%          1
 Sting                    Conj/Alch      96%        1d9       3%          1
 Summon Small Mammal      Summ           96%        N/A       3%          1
 Sublimation of Blood     Necr           24%        N/A       4%          2
 Confusing Touch          Hex            24%        N/A       10%         3
 Inner Flame              Hex/Fire       24%        N/A       10%         3
 Stone Arrow              Conj/Erth      48%        3d10      10%         3
 Vampiric Draining        Necr           24%        2d7       10%         3
 Volatile Blastmotes      Fire/Tloc      48%        2d14      10%         3
 Animate Dead             Necr           24%        N/A       32%         4
 Brom's Barrelling Bould  Conj/Erth      24%        2d5       32%         4
 Flame Wave               Conj/Fire      24%        2d8       32%         4
 Fulminant Prism          Conj/Alch      12%        3d9       32%         4
 Iskenderun's Mystic Bla Conj/Tloc 24%            2d7        (+2d3     32%         4
 Olgreb's Toxic Radiance  Alch           24%        N/A       32%         4
 Petrify                  Alch/Erth      24%        N/A       32%         4
 Sticky Flame             Fire/Alch      24%        2d6       32%         4
 Vhi's Electric Charge    Tloc/Air       48%        N/A       32%         4
 Ozocubu's Refrigeration  Ice            36%        4d15      56%         7
 Arcjolt                  Conj/Air       12%        1d22      67%         5
 Borgnjor's Vile Clutch   Necr/Erth      12%        N/A       67%         5
 Irradiate                Conj/Alch      12%        3d15      67%         5
 Iskenderun's Battlesphe  Conj           24%        2d8       67%         5
 Bombard                  Conj/Erth      12%        9d3       99%         6
 Death Channel            Necr           12%        N/A       99%         6
 Plasma Beam              Fire/Air       12%        2x1d23    99%         6
 Spellforged Servitor     Conj/Summ      12%        N/A       100%        7
 Discord                  Hex            12%        N/A       100%        8


Dungeon Overview and Level Annotations

Branches:
Dungeon (11/15)            Temple (1/1) D:5            Lair (5/5) D:11
 Shoals (0/4) Lair:3        Snake (0/4) Lair:2        Slime (0/5) Lair:4
    Orc (0/2) D:11          Sewer (visited)

Altars:
Ashenzari
Cheibriados
Dithmenos
Elyvilon
Fedhas
Gozag
Hepliaklqana
Kikubaaqudgha
Makhleb
Nemelex Xobeh
Okawaru
Qazlal
Ru
Sif Muna
Trog
Uskayaw
Vehumet
Wu Jian
Xom
Yredelemnul
Zin
The Shining One

Shops:
D:2 *   D:3 [

Annotations:
D:5 3 runed translucent doors, bochi's ghost, novice FoFi
Lair:1 3 runed translucent doors, Wylia's ghost, novice MDFi
Lair:2 1 runed translucent door, znke's ghost, journeyman KoHu


Innate Abilities, Weirdness & Mutations

You are too large for most types of armour.
You have a pair of small horns on your head.
You have tough skin. (AC +1)
You gain doubled healing and magic from potions.
Whenever you drink a healing potion, you attack all around you.


Message History

You bludgeon the deep elf blademaster simulacrum!!
Your headbutt misses the deep elf blademaster simulacrum.
The deep elf blademaster simulacrum is moderately damaged.
The deep elf blademaster simulacrum completely resists.
The wall freezes the deep elf blademaster simulacrum but does no damage.
You block the deep elf blademaster simulacrum's attack.
The deep elf blademaster simulacrum hits you!
The deep elf blademaster simulacrum freezes you!!
You are too injured to fight recklessly!
You are too injured to fight recklessly!
You are too injured to fight recklessly!
You are too injured to fight recklessly!
You are too injured to fight recklessly!
You hit the deep elf blademaster simulacrum.
Your headbutt misses the deep elf blademaster simulacrum.
The deep elf blademaster simulacrum is heavily damaged.
The deep elf blademaster simulacrum completely resists.
The wall freezes the deep elf blademaster simulacrum but does no damage.
You block the deep elf blademaster simulacrum's attack.
The deep elf blademaster simulacrum hits you but does no damage.
You bludgeon the deep elf blademaster simulacrum!!
Your headbutt misses the deep elf blademaster simulacrum.
The deep elf blademaster simulacrum is almost destroyed.
The deep elf blademaster simulacrum completely resists.
The wall freezes the deep elf blademaster simulacrum but does no damage.
You block the deep elf blademaster simulacrum's attack.
The deep elf blademaster simulacrum hits you!
The deep elf blademaster simulacrum freezes you!!
* * * LOW HITPOINT WARNING * * *
You miss the deep elf blademaster simulacrum.
The deep elf blademaster simulacrum is almost destroyed.
The deep elf blademaster simulacrum completely resists.
The wall freezes the deep elf blademaster simulacrum but does no damage.
The deep elf blademaster simulacrum hits you!
* * * LOW HITPOINT WARNING * * *
The deep elf blademaster simulacrum freezes you!
* * * LOW HITPOINT WARNING * * *
The deep elf blademaster simulacrum hits you!
You die...
Cheibriados appreciates the motionlessness of death.

. .# .. ♣ ♣
..# .. ♣
♣♣.♣♣ # . #.#
..♣..##.##..#
♣.. ..#..#
...# ♣
....##♣.##.#
♣. ♣ ♣♣♣..@.#
..# ♣#Z#.# ..
#. #.#..# ♣..
. .. #..# # .
.♣#. .#.# . .
. .. ..#.# ..
..#.# #.. #.
##


You could see a deep elf blademaster simulacrum.

Vanquished Creatures
  Harold (Lair:2)
  A hydra (Lair:5)
  5 two-headed ogres
  A death yak (D:11)
  Amaemon (Lair:1)
  2 skysharks (Lair:5)
  Pikel (D:9)
  An ugly thing (Lair:5)
  32 elephants
  A merfolk siren (Lair:3)
  Joseph (D:7)
  A manticore (D:11)
  8 cane toads
  2 black mambas
  2 smoke demons (Lair:5)
  A cane toad (shapeshifter) (Lair:5)
  A gargoyle (D:5)
  An orange demon (Lair:1)
  A rime drake (Lair:2)
  An unseen horror (D:11)
  11 komodo dragons
  A kobold demonologist (D:10)
  An ancient zyme (Abyss:1)
  2 polar bears
  3 merfolk (Lair:3)
  A troll (D:10)
  A hornet (D:7)
  23 blink frogs
  A raiju (Lair:5)
  Grinder (D:4)
  7 dream sheep (Lair:3)
  2 shadows
  A spriggan (Lair:5)
  6 wyverns
  A vampire (D:11)
  72 yaks
  A ynoxinul (Lair:5)
  2 wraiths
  11 basilisks
  4 steam dragons
  A chaos spawn (Lair:5)
  8 small abominations (Lair:5)
  Menkaure (D:5)
  4 nagas (Lair:2)
  An acid dragon (D:10)
  Edmund (D:6)
  18 water moccasins
  Duvessa (D:5)
  A swamp drake (Lair:2)
  4 orc warriors
  3 sky beasts
  An ogre (D:5)
  5 black bears
  6 wolves
  3 centaurs
  A lemure (D:9)
  3 kobold brigands
  11 bullfrogs
  A gnoll sergeant (D:9)
  4 scorpions
  Dowan (D:5)
  4 howler monkeys
  3 bombardier beetles
  A gnoll bouda (D:3)
  2 orc priests (D:9)
  6 starcursed masses (Abyss:1)
  2 hounds
  2 sleepcaps
  An iguana (D:6)
  12 orc wizards
  6 hell rats
  7 gnolls
  11 adders
  2 river rats (D:11)
  8 shadow imps
  5 white imps
  7 ufetubi
  5 dart slugs
  2 ribbon worms (D:2)
  37 orcs
  13 ball pythons
  10 bats
  14 endoplasms
  6 giant cockroaches
  11 goblins
  14 hobgoblins
  4 jackals (D:4)
  28 kobolds
  7 quokkas
  4 frilled lizards
  6 rats
536 creatures vanquished.

Vanquished Creatures (collateral kills)
  2 hydras (Lair:2)
  A blink frog (Lair:5)
  2 vampire mosquitoes (Lair:2)
5 creatures vanquished.

Vanquished Creatures (others)
  An arcanist (D:7)
1 creature vanquished.

Grand Total: 542 creatures vanquished

Notes
Turn   | Place    | Note
-------+----------+-------------------------------------------
     0 | D:1      | bochi the Oni Ice Elementalist began the quest for the Orb.
     0 | D:1      | Reached XP level 1. HP: 16/16 MP: 3/3
   154 | D:1      | Reached XP level 2. HP: 25/26 MP: 0/5
   222 | D:1      | Reached skill level 1 in Fighting
   381 | D:1      | Reached XP level 3. HP: 26/33 MP: 0/7
   385 | D:1      | Learned a level 3 spell: Frozen Ramparts
   389 | D:1      | Learned a level 3 spell: Ozocubu's Armour
  1268 | D:2      | Reached XP level 4. HP: 39/42 MP: 4/8
  1367 | D:2      | Found Ediepag's General Store.
  2240 | D:3      | Found a faded altar of an unknown god.
  2441 | D:3      | Reached XP level 5. HP: 33/52 MP: 6/10
  2756 | D:3      | Found Meudubor's Antique Armour Shop.
  2968 | D:3      | Reached skill level 1 in Maces & Flails
  3430 | D:4      | Reached skill level 5 in Ice Magic
  3430 | D:4      | Reached XP level 6. HP: 46/61 MP: 4/11
  3534 | D:4      | Noticed Grinder
  3700 | D:4      | Killed Grinder
  3701 | D:4      | Reached skill level 2 in Maces & Flails
  3701 | D:4      | Reached XP level 7. HP: 45/68 MP: 8/13
  5040 | D:5      | Entered Level 5 of the Dungeon
  5106 | D:5      | Reached skill level 3 in Maces & Flails
  5164 | D:5      | Reached skill level 5 in Fighting
  5164 | D:5      | Reached skill level 5 in Spellcasting
  5164 | D:5      | Reached XP level 8. HP: 32/80 MP: 8/15
  5333 | D:5      | Found a staircase to the Ecumenical Temple.
  5344 | D:5      | Noticed Duvessa
  5345 | D:5      | Noticed Dowan
  5353 | D:5      | Killed Duvessa
  5364 | D:5      | Killed Dowan
  5392 | D:5      | Found a glowing drain.
  5410 | Sewer    | Entered a sewer
  5940 | Temple   | Entered the Ecumenical Temple
  5959 | Temple   | Became a worshipper of Cheibriados the Contemplative
  6073 | D:5      | Found a runed translucent gate.
  6074 | D:5      | Found a runed translucent gate.
  6075 | D:5      | Found a runed translucent gate.
  6076 | D:5      | Noticed bochi's ghost (novice FoFi)
  6128 | D:5      | Noticed a gargoyle
  6141 | D:5      | Killed a gargoyle
  6142 | D:5      | Reached skill level 4 in Maces & Flails
  6305 | D:5      | Found an iron altar of Okawaru.
  6395 | D:5      | Reached XP level 9. HP: 55/92 MP: 13/18
  6698 | D:5      | Noticed Menkaure
  6708 | D:5      | Killed Menkaure
  7712 | D:6      | Reached * piety under Cheibriados
  8114 | D:6      | Noticed Edmund
  8119 | D:6      | Killed Edmund
  8162 | D:6      | Reached skill level 5 in Maces & Flails
  8892 | D:7      | Reached ** piety under Cheibriados
  9088 | D:7      | Reached skill level 6 in Maces & Flails
  9214 | D:7      | Noticed Joseph
  9218 | D:7      | Reached XP level 10. HP: 95/104 MP: 13/20
  9229 | D:7      | Killed Joseph
  9378 | D:7      | Found a bloodstained altar of Trog.
  9382 | D:7      | Noticed a wizard
  9386 | D:7      | Killed a wizard
  9738 | D:8      | Reached skill level 7 in Maces & Flails
  9802 | D:8      | Found a white marble altar of Elyvilon.
  9863 | D:8      | Noticed a two-headed ogre
  9872 | D:8      | Killed a two-headed ogre
 10117 | D:8      | Found a hazy altar of Hepliaklqana.
 10406 | D:8      | Found a sparkling altar of Nemelex Xobeh.
 10441 | D:9      | Reached *** piety under Cheibriados
 10562 | D:9      | Noticed Pikel
 10572 | D:9      | Killed Pikel
 10573 | D:9      | Reached skill level 8 in Maces & Flails
 10590 | D:9      | Reached XP level 11. HP: 95/117 MP: 17/23
 10668 | D:9      | Noticed a two-headed ogre
 10674 | D:9      | Reached skill level 9 in Maces & Flails
 10677 | D:9      | Killed a two-headed ogre
 10678 | D:9      | Reached skill level 10 in Fighting
 11242 | D:9      | Found a burning altar of Makhleb.
 11269 | D:9      | Reached **** piety under Cheibriados
 11354 | D:9      | Reached skill level 10 in Maces & Flails
 11356 | D:9      | Noticed a two-headed ogre
 11366 | D:9      | Killed a two-headed ogre
 11585 | D:9      | Found a shimmering blue altar of Sif Muna.
 11780 | D:10     | Entered Level 10 of the Dungeon
 11798 | D:10     | Noticed a two-headed ogre
 11811 | D:10     | Killed a two-headed ogre
 11872 | D:10     | Found a hide-covered altar of Uskayaw.
 12657 | D:10     | Reached skill level 10 in Spellcasting
 13100 | D:10     | Reached skill level 11 in Maces & Flails
 13163 | D:10     | Noticed a two-headed ogre
 13178 | D:10     | Killed a two-headed ogre
 13179 | D:10     | Reached XP level 12. HP: 130/130 MP: 21/26
 13357 | D:11     | Found a staircase to the Lair.
 13359 | D:11     | Noticed a death yak
 13373 | D:11     | Killed a death yak
 13916 | D:11     | Found an ornate altar of the Wu Jian Council.
 14069 | D:11     | Found a staircase to the Orcish Mines.
 14073 | D:11     | Reached ***** piety under Cheibriados
 14161 | Lair:1   | Entered Level 1 of the Lair of Beasts
 14199 | Lair:1   | Reached skill level 12 in Maces & Flails
 14546 | Lair:1   | Identified the +1 war axe of Propriety {flame, rC+ Str+4
                  | Int+3}
 14574 | Lair:1   | Found a runed translucent gate.
 14574 | Lair:1   | Found a runed translucent gate.
 14574 | Lair:1   | Found a runed translucent gate.
 14574 | Lair:1   | Noticed a skyshark
 14852 | Lair:1   | Noticed Amaemon
 14866 | Lair:1   | Killed Amaemon
 14867 | Lair:1   | You fall into a shaft and drop 1 floor!
 14867 | Lair:2   | Noticed a four-headed hydra
 14867 | Lair:2   | Noticed a four-headed hydra
 14875 | Lair:2   | Killed a four-headed hydra
 14880 | Lair:2   | Reached skill level 13 in Maces & Flails
 14883 | Lair:2   | Killed a four-headed hydra
 15119 | Lair:1   | Reached XP level 13. HP: 126/144 MP: 22/28
 15694 | Lair:1   | Noticed a minotaur
 15694 | Lair:1   | Noticed Wylia's ghost (novice MDFi)
 15856 | Lair:2   | Noticed Harold
 16286 | Lair:2   | Killed Harold
 16589 | Lair:2   | Found a staircase to the Snake Pit.
 16656 | Lair:2   | Reached skill level 14 in Maces & Flails
 16682 | Lair:2   | Reached ****** piety under Cheibriados
 17081 | Lair:2   | Found a runed translucent door.
 17082 | Lair:2   | Noticed znke's ghost (journeyman KoHu)
 17082 | Lair:2   | Identified the +5 spear "Timiblo" {flame, rCorr}
 17438 | Lair:3   | Found a staircase to the Shoals.
 18108 | Lair:3   | Reached skill level 15 in Maces & Flails
 18205 | Lair:3   | Reached XP level 14. HP: 107/157 MP: 22/30
 19116 | Lair:4   | Reached skill level 15 in Fighting
 19311 | Lair:4   | Reached skill level 1 in Invocations
 19672 | Lair:4   | Identified the +0 trident of the Shrieking God {flame,
                  | Int+3}
 19848 | Lair:4   | Found a staircase to the Slime Pits.
 20222 | Lair:5   | Entered Level 5 of the Lair of Beasts
 20742 | Lair:5   | Reached skill level 16 in Maces & Flails
 21888 | Lair:5   | Reached skill level 5 in Invocations
 22157 | Lair:5   | Learned a level 3 spell: Summon Ice Beast
 22305 | Abyss:1  | Cast into level 1 of the Abyss (spriggan)
 22466 | Abyss:1  | Noticed a starcursed mass
 22478 | Abyss:1  | Paralysed by accursed screaming for 1 turns
 22506 | Abyss:1  | HP: 6/159 [deep elf blademaster simulacrum (17)]
 22506 | Abyss:1  | Slain by a deep elf blademaster simulacrum

Illustrated notes

Levels and vault maps discovered:
D:1:      heliophobic_arrival_henge, layout_basic, kennysheep_small_spiral,
          chequers_arboretum
D:2:      layout_basic, serial_shops, nicolae_shop_statue_plus
D:3:      minmay_thinvault, layout_basic, serial_shops, nicolae_shop_dealshenge,
          chequers_ecumenical_altar_simple_redux
D:4:      layout_basic, serial_demonic, serial_demonic_b, serial_demonic_f,
          serial_demonic_c, serial_demonic_a, serial_demonic_e,
          serial_demonic_d, serial_demonic_b, serial_demonic_g,
          serial_demonic_b, serial_demonic_f, uniq_grinder
D:5:      layout_basic, mainiacjoe_overflow_paths, temple_statues,
          gammafunk_ghost_split, gup_sewer_entry_pipe, minivault_25,
          nrook_loot_triangle, kennysheep_nondescript, uniq_menkaure,
          uniq_duvessa
D:6:      layout_loops_cross, uniq_edmund
D:7:      layout_basic, trog_wizard, grunt_ministairs_14, uniq_joseph
D:8:      layout_basic, nemelex_diamond_rough_becter,
          nzn_hepliaklqana_mist_gate, nicolae_elyvilon_peaceful_grove
D:9:      layout_long_grid, bloody_makhleb, led_sif_pool, uniq_pikel
D:10:     minmay_razor_zed, layout_long_grid, eat_drink_and_be_merry_uskayaw
D:11:     layout_rooms, dpeg_lair_monsters, orc_0_dummy,
          nicolae_wu_jian_wuxing_cycle
Temple:   nicolae_temple_superstar
Lair:1:   layout_gridlike, maelrawn_ghost_gauntlet_escape, uniq_amaemon
Lair:2:   layout_roguey, minmay_snake_entry_guardpost_medium,
          ebering_ghost_funeral_grove, pond, uniq_harold
Lair:3:   layout_regular_city, elwin_shoals_entry_stream,
          grunt_forest_stairs_basic
Lair:4:   layout_concentric_octagons, slime_entry_1
Lair:5:   hellmonk_lair_end_abyssal_woods, layout_gridlike
Abyss:1:  base:
Gauntlet

Skill      XL: |  1  2  3  4  5  6  7  8  9 10 11 12 13 14 |
---------------+-------------------------------------------+-----
Fighting       | 1 2 3 5 6 7 9 11 13 14 15 | 15.0
Ice Magic      | 4 5 6 7 8 9 |  9.0
Spellcasting   | 3 4 5 6 7 8 10 11 12 14 | 14.0
Maces & Flails | 1 2 3 4 6 8 11 13 15 16 | 16.6
Invocations    | 5 |  5.4
Dodging        | |  1.8
Stealth        | |  1.4

Action                     |  1- 3 |  4- 6 |  7- 9 | 10-12 | 13-15 || total
---------------------------+-------+-------+-------+-------+-------++-------
  Melee: Unarmed           |    57 |    25 |       |       |       ||    82
         Headbutt          |     7 |    16 |    37 |    70 |   176 ||   306
         Flail             |       |    75 |   233 |   297 |   591 ||  1196
  Throw: Dart              |       |       |       |     1 |       ||     1
   Cast: Freeze            |    30 |    15 |     1 |       |       ||    46
         Frozen Ramparts   |     1 |    11 |    40 |    52 |    50 ||   154
         Ozocubu's Armour  |       |     4 |    16 |    18 |    44 ||    82
         Summon Ice Beast  |       |       |       |       |     2 ||     2
  Evoke: Wand              |       |       |    12 |     2 |     3 ||    17
    Use: Scroll            |     3 |     2 |     3 |    10 |     8 ||    26
         Potion            |       |       |       |       |     2 ||     2
   Stab: Sleeping          |     1 |     4 |     2 |     3 |     2 ||    12
         Distracted        |       |       |       |     1 |     1 ||     2
 Armour: Robe              |    58 |   121 |   196 |       |       ||   375
         Steam dragon scal |       |       |    78 |   323 |   618 ||  1019
  Dodge: Dodged            |    28 |    75 |   156 |   106 |   216 ||   581
  Block: Kite shield       |       |       |       |   111 |   330 ||   441

Table legend: (Time is in decaauts)
 A = Elapsed time spent in this place.
 B = Non-inter-level travel time spent in this place.
 C = Inter-level travel time spent in this place.
 D = Time resting spent in this place.
 E = Time spent auto-exploring this place.
 F = Levels seen in this place.
 G = Mean time per level.
                   A        B        C        D        E       F      G
               +--------+--------+--------+--------+--------+-----+--------+
         Total |  28655 |  27863 |    792 |   1134 |  22933 |  19 | 1508.2 |
       Dungeon |  16060 |  15555 |    505 |    373 |  13131 |  11 | 1460.0 |
        Temple |     43 |      2 |     41 |      0 |      0 |   1 |   43.0 |
          Lair |  11862 |  11617 |    245 |    761 |   9255 |   5 | 2372.4 |
         Abyss |    207 |    207 |      0 |      0 |    155 |   1 |  207.0 |
         Sewer |    481 |    481 |      0 |      0 |    392 |   1 |  481.0 |
               +--------+--------+--------+--------+--------+-----+--------+

Top non-repeatable levels by time:
  Lair:5: 2819 daAuts
  Lair:1: 2514 daAuts
  Lair:3: 2326 daAuts
  Lair:4: 2174 daAuts
    D:10: 2100 daAuts
     D:5: 2050 daAuts
  Lair:2: 2027 daAuts
     D:9: 1770 daAuts
     D:4: 1659 daAuts
     D:6: 1521 daAuts
     D:7: 1362 daAuts
     D:3: 1212 daAuts
    D:11: 1167 daAuts
     D:1: 1162 daAuts
     D:2: 1052 daAuts
